Workbook

Sheet Synthèse
A1: Synthèse du planning des répétitions
A2: Vue de décision fondée sur les 100 lignes planifiables du planning.
A3: Période du | B3: ='Paramètres'!$B$2 | C3: au | D3: ='Paramètres'!$B$3 | E3: Capacité mensuelle (min) | F3: ='Paramètres'!$B$6
A5: Répétitions actives | B5: =COUNTIFS('Planning répétitions'!$A$4:$A$103,"<>",'Planning répétitions'!$L$4:$L$103,"<>Annulée") | C5: Statut Planifiée | D5: =COUNTIFS('Planning répétitions'!$A$4:$A$103,"<>",'Planning répétitions'!$L$4:$L$103,"Planifiée") | E5: Taux d’occupation | F5: =IFERROR(SUMIFS('Planning répétitions'!$G$4:$G$103,'Planning répétitions'!$A$4:$A$103,"<>",'Planning répétitions'!$L$4:$L$103,"<>Annulée")/'Paramètres'!$B$6,"")
A7: Minutes prévues | B7: =SUMIFS('Planning répétitions'!$G$4:$G$103,'Planning répétitions'!$A$4:$A$103,"<>",'Planning répétitions'!$L$4:$L$103,"<>Annulée") | C7: Conflits | D7: =COUNTIFS('Planning répétitions'!$A$4:$A$103,"<>",'Planning répétitions'!$L$4:$L$103,"<>Annulée",'Planning répétitions'!$P$4:$P$103,"Conflit*") | E7: Lignes incomplètes | F7: =COUNTIFS('Planning répétitions'!$A$4:$A$103,"<>",'Planning répétitions'!$L$4:$L$103,"<>Annulée",'Planning répétitions'!$P$4:$P$103,"Incomplet")
A9: Répartition par statut | B9: Nombre | D9: Charge par espace | E9: Minutes | F9: Heures
A10: ='Paramètres'!$F$3 | B10: =COUNTIFS('Planning répétitions'!$A$4:$A$103,"<>",'Planning répétitions'!$L$4:$L$103,A10) | D10: ='Ressources'!$A$4 | E10: =SUMIFS('Planning répétitions'!$G$4:$G$103,'Planning répétitions'!$H$4:$H$103,D10,'Planning répétitions'!$A$4:$A$103,"<>",'Planning répétitions'!$L$4:$L$103,"<>Annulée") | F10: =IFERROR(E10/60,"")
A11: ='Paramètres'!$F$4 | B11: =COUNTIFS('Planning répétitions'!$A$4:$A$103,"<>",'Planning répétitions'!$L$4:$L$103,A11) | D11: ='Ressources'!$A$5 | E11: =SUMIFS('Planning répétitions'!$G$4:$G$103,'Planning répétitions'!$H$4:$H$103,D11,'Planning répétitions'!$A$4:$A$103,"<>",'Planning répétitions'!$L$4:$L$103,"<>Annulée") | F11: =IFERROR(E11/60,"")
A12: ='Paramètres'!$F$5 | B12: =COUNTIFS('Planning répétitions'!$A$4:$A$103,"<>",'Planning répétitions'!$L$4:$L$103,A12) | D12: ='Ressources'!$A$6 | E12: =SUMIFS('Planning répétitions'!$G$4:$G$103,'Planning répétitions'!$H$4:$H$103,D12,'Planning répétitions'!$A$4:$A$103,"<>",'Planning répétitions'!$L$4:$L$103,"<>Annulée") | F12: =IFERROR(E12/60,"")
A13: ='Paramètres'!$F$6 | B13: =COUNTIFS('Planning répétitions'!$A$4:$A$103,"<>",'Planning répétitions'!$L$4:$L$103,A13)
A14: ='Paramètres'!$F$7 | B14: =COUNTIFS('Planning répétitions'!$A$4:$A$103,"<>",'Planning répétitions'!$L$4:$L$103,A14)
A17: Les charges et alertes excluent les lignes au statut Annulée.

Sheet Planning répétitions
A1: Planning des répétitions
A2: Cellules bleues : saisie modifiable — cellules grises : calcul automatique.
A3: ID | B3: Séquence | C3: Type | D3: Date | E3: Début | F3: Fin | G3: Durée (min) | H3: Espace | I3: Ressource principale | J3: Rôle responsable | K3: Priorité | L3: Statut | M3: Dépendance | N3: Marge (min) | O3: Notes techniques | P3: Alerte
A4: REP-001 | B4: Séquence Alpha | C4: Filage | D4: 46307 | E4: 0.375 | F4: 0.41666667 | G4: =IF(OR($E4="",$F4=""),"",($F4-$E4)*1440) | H4: Scène A | I4: Régie principale | J4: Coordination scène | K4: Haute | L4: Confirmée | N4: 15 | O4: Vérifier les repères de scène fictifs. | P4: =IF($A4="","",IF(OR($D4="",$E4="",$F4=""),"Incomplet",IF($F4<=$E4,"Horaire invalide",IF(COUNTIFS('Planning répétitions'!$D$4:$D$103,$D4,'Planning répétitions'!$H$4:$H$103,$H4,'Planning répétitions'!$E$4:$E$103,"<"&$F4,'Planning répétitions'!$F$4:$F$103,">"&$E4)>1,"Conflit espace",IF(COUNTIFS('Planning répétitions'!$D$4:$D$103,$D4,'Planning répétitions'!$I$4:$I$103,$I4,'Planning répétitions'!$E$4:$E$103,"<"&$F4,'Planning répétitions'!$F$4:$F$103,">"&$E4)>1,"Conflit ressource","OK")))))
A5: REP-002 | B5: Séquence Bêta | C5: Son | D5: 46307 | E5: 0.42708333 | F5: 0.45833333 | G5: =IF(OR($E5="",$F5=""),"",($F5-$E5)*1440) | H5: Scène A | I5: Kit son | J5: Référent audio | K5: Normale | L5: Planifiée | M5: REP-001 | N5: 15 | O5: Tester les niveaux de diffusion. | P5: =IF($A5="","",IF(OR($D5="",$E5="",$F5=""),"Incomplet",IF($F5<=$E5,"Horaire invalide",IF(COUNTIFS('Planning répétitions'!$D$4:$D$103,$D5,'Planning répétitions'!$H$4:$H$103,$H5,'Planning répétitions'!$E$4:$E$103,"<"&$F5,'Planning répétitions'!$F$4:$F$103,">"&$E5)>1,"Conflit espace",IF(COUNTIFS('Planning répétitions'!$D$4:$D$103,$D5,'Planning répétitions'!$I$4:$I$103,$I5,'Planning répétitions'!$E$4:$E$103,"<"&$F5,'Planning répétitions'!$F$4:$F$103,">"&$E5)>1,"Conflit ressource","OK")))))
A6: REP-003 | B6: Ouverture fictive | C6: Lumière | D6: 46307 | E6: 0.39583333 | F6: 0.4375 | G6: =IF(OR($E6="",$F6=""),"",($F6-$E6)*1440) | H6: Studio 1 | I6: Régie principale | J6: Référent lumière | K6: Haute | L6: Planifiée | N6: 10 | O6: Préparer une conduite lumière fictive. | P6: =IF($A6="","",IF(OR($D6="",$E6="",$F6=""),"Incomplet",IF($F6<=$E6,"Horaire invalide",IF(COUNTIFS('Planning répétitions'!$D$4:$D$103,$D6,'Planning répétitions'!$H$4:$H$103,$H6,'Planning répétitions'!$E$4:$E$103,"<"&$F6,'Planning répétitions'!$F$4:$F$103,">"&$E6)>1,"Conflit espace",IF(COUNTIFS('Planning répétitions'!$D$4:$D$103,$D6,'Planning répétitions'!$I$4:$I$103,$I6,'Planning répétitions'!$E$4:$E$103,"<"&$F6,'Planning répétitions'!$F$4:$F$103,">"&$E6)>1,"Conflit ressource","OK")))))
A7: REP-004 | B7: Démonstration Gamma | C7: Technique | D7: 46308 | E7: 0.58333333 | F7: 0.625 | G7: =IF(OR($E7="",$F7=""),"",($F7-$E7)*1440) | H7: Salle test | I7: Kit projection | J7: Coordination technique | K7: Normale | L7: Réalisée | N7: 15 | O7: Contrôler la source de démonstration fictive. | P7: =IF($A7="","",IF(OR($D7="",$E7="",$F7=""),"Incomplet",IF($F7<=$E7,"Horaire invalide",IF(COUNTIFS('Planning répétitions'!$D$4:$D$103,$D7,'Planning répétitions'!$H$4:$H$103,$H7,'Planning répétitions'!$E$4:$E$103,"<"&$F7,'Planning répétitions'!$F$4:$F$103,">"&$E7)>1,"Conflit espace",IF(COUNTIFS('Planning répétitions'!$D$4:$D$103,$D7,'Planning répétitions'!$I$4:$I$103,$I7,'Planning répétitions'!$E$4:$E$103,"<"&$F7,'Planning répétitions'!$F$4:$F$103,">"&$E7)>1,"Conflit ressource","OK")))))
A8: REP-005 | B8: Table ronde Delta | C8: Présentation | D8: 46308 | E8: 0.63541667 | F8: 0.66666667 | G8: =IF(OR($E8="",$F8=""),"",($F8-$E8)*1440) | H8: Scène A | I8: Régie principale | J8: Coordination éditoriale | K8: Normale | L8: Confirmée | M8: REP-004 | N8: 15 | O8: Valider l’ordre des prises de parole fictives. | P8: =IF($A8="","",IF(OR($D8="",$E8="",$F8=""),"Incomplet",IF($F8<=$E8,"Horaire invalide",IF(COUNTIFS('Planning répétitions'!$D$4:$D$103,$D8,'Planning répétitions'!$H$4:$H$103,$H8,'Planning répétitions'!$E$4:$E$103,"<"&$F8,'Planning répétitions'!$F$4:$F$103,">"&$E8)>1,"Conflit espace",IF(COUNTIFS('Planning répétitions'!$D$4:$D$103,$D8,'Planning répétitions'!$I$4:$I$103,$I8,'Planning répétitions'!$E$4:$E$103,"<"&$F8,'Planning répétitions'!$F$4:$F$103,">"&$E8)>1,"Conflit ressource","OK")))))
A9: REP-006 | B9: Transition Écho | C9: Filage | D9: 46309 | E9: 0.375 | F9: 0.39583333 | G9: =IF(OR($E9="",$F9=""),"",($F9-$E9)*1440) | H9: Scène A | I9: Régie principale | J9: Coordination scène | K9: Basse | L9: À planifier | N9: 10 | O9: Tester la transition de décor fictive. | P9: =IF($A9="","",IF(OR($D9="",$E9="",$F9=""),"Incomplet",IF($F9<=$E9,"Horaire invalide",IF(COUNTIFS('Planning répétitions'!$D$4:$D$103,$D9,'Planning répétitions'!$H$4:$H$103,$H9,'Planning répétitions'!$E$4:$E$103,"<"&$F9,'Planning répétitions'!$F$4:$F$103,">"&$E9)>1,"Conflit espace",IF(COUNTIFS('Planning répétitions'!$D$4:$D$103,$D9,'Planning répétitions'!$I$4:$I$103,$I9,'Planning répétitions'!$E$4:$E$103,"<"&$F9,'Planning répétitions'!$F$4:$F$103,">"&$E9)>1,"Conflit ressource","OK")))))
A10: REP-007 | B10: Capsule Zêta | C10: Son | D10: 46309 | E10: 0.41666667 | F10: 0.44791667 | G10: =IF(OR($E10="",$F10=""),"",($F10-$E10)*1440) | H10: Studio 1 | I10: Kit son | J10: Référent audio | K10: Normale | L10: Planifiée | N10: 10 | O10: Prévoir un essai de lecture audio fictif. | P10: =IF($A10="","",IF(OR($D10="",$E10="",$F10=""),"Incomplet",IF($F10<=$E10,"Horaire invalide",IF(COUNTIFS('Planning répétitions'!$D$4:$D$103,$D10,'Planning répétitions'!$H$4:$H$103,$H10,'Planning répétitions'!$E$4:$E$103,"<"&$F10,'Planning répétitions'!$F$4:$F$103,">"&$E10)>1,"Conflit espace",IF(COUNTIFS('Planning répétitions'!$D$4:$D$103,$D10,'Planning répétitions'!$I$4:$I$103,$I10,'Planning répétitions'!$E$4:$E$103,"<"&$F10,'Planning répétitions'!$F$4:$F$103,">"&$E10)>1,"Conflit ressource","OK")))))
A11: REP-008 | B11: Clôture fictive | C11: Lumière | D11: 46310 | E11: 0.66666667 | F11: 0.70833333 | G11: =IF(OR($E11="",$F11=""),"",($F11-$E11)*1440) | H11: Scène A | I11: Régie principale | J11: Référent lumière | K11: Basse | L11: Annulée | N11: 15 | O11: Séquence fictive retirée du planning actif. | P11: =IF($A11="","",IF(OR($D11="",$E11="",$F11=""),"Incomplet",IF($F11<=$E11,"Horaire invalide",IF(COUNTIFS('Planning répétitions'!$D$4:$D$103,$D11,'Planning répétitions'!$H$4:$H$103,$H11,'Planning répétitions'!$E$4:$E$103,"<"&$F11,'Planning répétitions'!$F$4:$F$103,">"&$E11)>1,"Conflit espace",IF(COUNTIFS('Planning répétitions'!$D$4:$D$103,$D11,'Planning répétitions'!$I$4:$I$103,$I11,'Planning répétitions'!$E$4:$E$103,"<"&$F11,'Planning répétitions'!$F$4:$F$103,">"&$E11)>1,"Conflit ressource","OK")))))
A12: REP-009 | B12: Démonstration Oméga | C12: Technique | D12: 46311 | E12: 0.45833333 | F12: 0.5 | G12: =IF(OR($E12="",$F12=""),"",($F12-$E12)*1440) | H12: Salle test | I12: Kit projection | J12: Coordination technique | K12: Haute | L12: Confirmée | N12: 20 | O12: Tester le support de projection fictif. | P12: =IF($A12="","",IF(OR($D12="",$E12="",$F12=""),"Incomplet",IF($F12<=$E12,"Horaire invalide",IF(COUNTIFS('Planning répétitions'!$D$4:$D$103,$D12,'Planning répétitions'!$H$4:$H$103,$H12,'Planning répétitions'!$E$4:$E$103,"<"&$F12,'Planning répétitions'!$F$4:$F$103,">"&$E12)>1,"Conflit espace",IF(COUNTIFS('Planning répétitions'!$D$4:$D$103,$D12,'Planning répétitions'!$I$4:$I$103,$I12,'Planning répétitions'!$E$4:$E$103,"<"&$F12,'Planning répétitions'!$F$4:$F$103,">"&$E12)>1,"Conflit ressource","OK")))))
A13: REP-010 | B13: Filage général | C13: Filage | D13: 46312 | E13: 0.58333333 | F13: 0.66666667 | G13: =IF(OR($E13="",$F13=""),"",($F13-$E13)*1440) | H13: Scène A | I13: Régie principale | J13: Coordination générale | K13: Haute | L13: Planifiée | M13: REP-009 | N13: 30 | O13: Reprendre toutes les transitions fictives. | P13: =IF($A13="","",IF(OR($D13="",$E13="",$F13=""),"Incomplet",IF($F13<=$E13,"Horaire invalide",IF(COUNTIFS('Planning répétitions'!$D$4:$D$103,$D13,'Planning répétitions'!$H$4:$H$103,$H13,'Planning répétitions'!$E$4:$E$103,"<"&$F13,'Planning répétitions'!$F$4:$F$103,">"&$E13)>1,"Conflit espace",IF(COUNTIFS('Planning répétitions'!$D$4:$D$103,$D13,'Planning répétitions'!$I$4:$I$103,$I13,'Planning répétitions'!$E$4:$E$103,"<"&$F13,'Planning répétitions'!$F$4:$F$103,">"&$E13)>1,"Conflit ressource","OK")))))
G14: =IF(OR($E14="",$F14=""),"",($F14-$E14)*1440) | P14: =IF($A14="","",IF(OR($D14="",$E14="",$F14=""),"Incomplet",IF($F14<=$E14,"Horaire invalide",IF(COUNTIFS('Planning répétitions'!$D$4:$D$103,$D14,'Planning répétitions'!$H$4:$H$103,$H14,'Planning répétitions'!$E$4:$E$103,"<"&$F14,'Planning répétitions'!$F$4:$F$103,">"&$E14)>1,"Conflit espace",IF(COUNTIFS('Planning répétitions'!$D$4:$D$103,$D14,'Planning répétitions'!$I$4:$I$103,$I14,'Planning répétitions'!$E$4:$E$103,"<"&$F14,'Planning répétitions'!$F$4:$F$103,">"&$E14)>1,"Conflit ressource","OK")))))
G15: =IF(OR($E15="",$F15=""),"",($F15-$E15)*1440) | P15: =IF($A15="","",IF(OR($D15="",$E15="",$F15=""),"Incomplet",IF($F15<=$E15,"Horaire invalide",IF(COUNTIFS('Planning répétitions'!$D$4:$D$103,$D15,'Planning répétitions'!$H$4:$H$103,$H15,'Planning répétitions'!$E$4:$E$103,"<"&$F15,'Planning répétitions'!$F$4:$F$103,">"&$E15)>1,"Conflit espace",IF(COUNTIFS('Planning répétitions'!$D$4:$D$103,$D15,'Planning répétitions'!$I$4:$I$103,$I15,'Planning répétitions'!$E$4:$E$103,"<"&$F15,'Planning répétitions'!$F$4:$F$103,">"&$E15)>1,"Conflit ressource","OK")))))
G16: =IF(OR($E16="",$F16=""),"",($F16-$E16)*1440) | P16: =IF($A16="","",IF(OR($D16="",$E16="",$F16=""),"Incomplet",IF($F16<=$E16,"Horaire invalide",IF(COUNTIFS('Planning répétitions'!$D$4:$D$103,$D16,'Planning répétitions'!$H$4:$H$103,$H16,'Planning répétitions'!$E$4:$E$103,"<"&$F16,'Planning répétitions'!$F$4:$F$103,">"&$E16)>1,"Conflit espace",IF(COUNTIFS('Planning répétitions'!$D$4:$D$103,$D16,'Planning répétitions'!$I$4:$I$103,$I16,'Planning répétitions'!$E$4:$E$103,"<"&$F16,'Planning répétitions'!$F$4:$F$103,">"&$E16)>1,"Conflit ressource","OK")))))
G17: =IF(OR($E17="",$F17=""),"",($F17-$E17)*1440) | P17: =IF($A17="","",IF(OR($D17="",$E17="",$F17=""),"Incomplet",IF($F17<=$E17,"Horaire invalide",IF(COUNTIFS('Planning répétitions'!$D$4:$D$103,$D17,'Planning répétitions'!$H$4:$H$103,$H17,'Planning répétitions'!$E$4:$E$103,"<"&$F17,'Planning répétitions'!$F$4:$F$103,">"&$E17)>1,"Conflit espace",IF(COUNTIFS('Planning répétitions'!$D$4:$D$103,$D17,'Planning répétitions'!$I$4:$I$103,$I17,'Planning répétitions'!$E$4:$E$103,"<"&$F17,'Planning répétitions'!$F$4:$F$103,">"&$E17)>1,"Conflit ressource","OK")))))
G18: =IF(OR($E18="",$F18=""),"",($F18-$E18)*1440) | P18: =IF($A18="","",IF(OR($D18="",$E18="",$F18=""),"Incomplet",IF($F18<=$E18,"Horaire invalide",IF(COUNTIFS('Planning répétitions'!$D$4:$D$103,$D18,'Planning répétitions'!$H$4:$H$103,$H18,'Planning répétitions'!$E$4:$E$103,"<"&$F18,'Planning répétitions'!$F$4:$F$103,">"&$E18)>1,"Conflit espace",IF(COUNTIFS('Planning répétitions'!$D$4:$D$103,$D18,'Planning répétitions'!$I$4:$I$103,$I18,'Planning répétitions'!$E$4:$E$103,"<"&$F18,'Planning répétitions'!$F$4:$F$103,">"&$E18)>1,"Conflit ressource","OK")))))
G19: =IF(OR($E19="",$F19=""),"",($F19-$E19)*1440) | P19: =IF($A19="","",IF(OR($D19="",$E19="",$F19=""),"Incomplet",IF($F19<=$E19,"Horaire invalide",IF(COUNTIFS('Planning répétitions'!$D$4:$D$103,$D19,'Planning répétitions'!$H$4:$H$103,$H19,'Planning répétitions'!$E$4:$E$103,"<"&$F19,'Planning répétitions'!$F$4:$F$103,">"&$E19)>1,"Conflit espace",IF(COUNTIFS('Planning répétitions'!$D$4:$D$103,$D19,'Planning répétitions'!$I$4:$I$103,$I19,'Planning répétitions'!$E$4:$E$103,"<"&$F19,'Planning répétitions'!$F$4:$F$103,">"&$E19)>1,"Conflit ressource","OK")))))
G20: =IF(OR($E20="",$F20=""),"",($F20-$E20)*1440) | P20: =IF($A20="","",IF(OR($D20="",$E20="",$F20=""),"Incomplet",IF($F20<=$E20,"Horaire invalide",IF(COUNTIFS('Planning répétitions'!$D$4:$D$103,$D20,'Planning répétitions'!$H$4:$H$103,$H20,'Planning répétitions'!$E$4:$E$103,"<"&$F20,'Planning répétitions'!$F$4:$F$103,">"&$E20)>1,"Conflit espace",IF(COUNTIFS('Planning répétitions'!$D$4:$D$103,$D20,'Planning répétitions'!$I$4:$I$103,$I20,'Planning répétitions'!$E$4:$E$103,"<"&$F20,'Planning répétitions'!$F$4:$F$103,">"&$E20)>1,"Conflit ressource","OK")))))
G21: =IF(OR($E21="",$F21=""),"",($F21-$E21)*1440) | P21: =IF($A21="","",IF(OR($D21="",$E21="",$F21=""),"Incomplet",IF($F21<=$E21,"Horaire invalide",IF(COUNTIFS('Planning répétitions'!$D$4:$D$103,$D21,'Planning répétitions'!$H$4:$H$103,$H21,'Planning répétitions'!$E$4:$E$103,"<"&$F21,'Planning répétitions'!$F$4:$F$103,">"&$E21)>1,"Conflit espace",IF(COUNTIFS('Planning répétitions'!$D$4:$D$103,$D21,'Planning répétitions'!$I$4:$I$103,$I21,'Planning répétitions'!$E$4:$E$103,"<"&$F21,'Planning répétitions'!$F$4:$F$103,">"&$E21)>1,"Conflit ressource","OK")))))
G22: =IF(OR($E22="",$F22=""),"",($F22-$E22)*1440) | P22: =IF($A22="","",IF(OR($D22="",$E22="",$F22=""),"Incomplet",IF($F22<=$E22,"Horaire invalide",IF(COUNTIFS('Planning répétitions'!$D$4:$D$103,$D22,'Planning répétitions'!$H$4:$H$103,$H22,'Planning répétitions'!$E$4:$E$103,"<"&$F22,'Planning répétitions'!$F$4:$F$103,">"&$E22)>1,"Conflit espace",IF(COUNTIFS('Planning répétitions'!$D$4:$D$103,$D22,'Planning répétitions'!$I$4:$I$103,$I22,'Planning répétitions'!$E$4:$E$103,"<"&$F22,'Planning répétitions'!$F$4:$F$103,">"&$E22)>1,"Conflit ressource","OK")))))
G23: =IF(OR($E23="",$F23=""),"",($F23-$E23)*1440) | P23: =IF($A23="","",IF(OR($D23="",$E23="",$F23=""),"Incomplet",IF($F23<=$E23,"Horaire invalide",IF(COUNTIFS('Planning répétitions'!$D$4:$D$103,$D23,'Planning répétitions'!$H$4:$H$103,$H23,'Planning répétitions'!$E$4:$E$103,"<"&$F23,'Planning répétitions'!$F$4:$F$103,">"&$E23)>1,"Conflit espace",IF(COUNTIFS('Planning répétitions'!$D$4:$D$103,$D23,'Planning répétitions'!$I$4:$I$103,$I23,'Planning répétitions'!$E$4:$E$103,"<"&$F23,'Planning répétitions'!$F$4:$F$103,">"&$E23)>1,"Conflit ressource","OK")))))
G24: =IF(OR($E24="",$F24=""),"",($F24-$E24)*1440) | P24: =IF($A24="","",IF(OR($D24="",$E24="",$F24=""),"Incomplet",IF($F24<=$E24,"Horaire invalide",IF(COUNTIFS('Planning répétitions'!$D$4:$D$103,$D24,'Planning répétitions'!$H$4:$H$103,$H24,'Planning répétitions'!$E$4:$E$103,"<"&$F24,'Planning répétitions'!$F$4:$F$103,">"&$E24)>1,"Conflit espace",IF(COUNTIFS('Planning répétitions'!$D$4:$D$103,$D24,'Planning répétitions'!$I$4:$I$103,$I24,'Planning répétitions'!$E$4:$E$103,"<"&$F24,'Planning répétitions'!$F$4:$F$103,">"&$E24)>1,"Conflit ressource","OK")))))
G25: =IF(OR($E25="",$F25=""),"",($F25-$E25)*1440) | P25: =IF($A25="","",IF(OR($D25="",$E25="",$F25=""),"Incomplet",IF($F25<=$E25,"Horaire invalide",IF(COUNTIFS('Planning répétitions'!$D$4:$D$103,$D25,'Planning répétitions'!$H$4:$H$103,$H25,'Planning répétitions'!$E$4:$E$103,"<"&$F25,'Planning répétitions'!$F$4:$F$103,">"&$E25)>1,"Conflit espace",IF(COUNTIFS('Planning répétitions'!$D$4:$D$103,$D25,'Planning répétitions'!$I$4:$I$103,$I25,'Planning répétitions'!$E$4:$E$103,"<"&$F25,'Planning répétitions'!$F$4:$F$103,">"&$E25)>1,"Conflit ressource","OK")))))
... G103: =IF(OR($E103="",$F103=""),"",($F103-$E103)*1440) | P103: =IF($A103="","",IF(OR($D103="",$E103="",$F103=""),"Incomplet",IF($F103<=$E103,"Horaire invalide",IF(COUNTIFS('Planning répétitions'!$D$4:$D$103,$D103,'Planning répétitions'!$H$4:$H$103,$H103,'Planning répétitions'!$E$4:$E$103,"<"&$F103,'Planning répétitions'!$F$4:$F$103,">"&$E103)>1,"Conflit espace",IF(COUNTIFS('Planning répétitions'!$D$4:$D$103,$D103,'Planning répétitions'!$I$4:$I$103,$I103,'Planning répétitions'!$E$4:$E$103,"<"&$F103,'Planning répétitions'!$F$4:$F$103,">"&$E103)>1,"Conflit ressource","OK")))))

Sheet Paramètres
A1: Paramètres du planning
A2: Date minimale | B2: 46296 | D2: Types | E2: Priorités | F2: Statuts
A3: Date maximale | B3: 46326 | D3: Filage | E3: Basse | F3: À planifier
A4: Ouverture | B4: 0.33333333 | D4: Technique | E4: Normale | F4: Planifiée
A5: Fermeture | B5: 0.83333333 | D5: Son | E5: Haute | F5: Confirmée
A6: Capacité mensuelle (min) | B6: 12000 | D6: Lumière | F6: Réalisée
D7: Présentation | F7: Annulée
A9: Hypothèses de production modifiables à adapter au contexte de l’événement fictif.

Sheet Ressources
A1: Espaces et ressources fonctionnelles
A3: Espaces | C3: Ressources principales
A4: Scène A | C4: Régie principale
A5: Studio 1 | C5: Kit son
A6: Salle test | C6: Kit projection
